Cogmind - Beta 14 @@@ ROGUE MODE // 2024.09.04 @ 22:44:26 Player: Corvi Result: Destroyed by G-34 Mercenary with Small Laser Performance ------------- Evolutions (0) 0 Regions Visited (1) 200 Robots Destroyed (19) 95 Value Destroyed (523) 523 Prototype IDs (1) 20 Alien Tech Used (0) 0 Bonus (0) 0 TOTAL SCORE: 838 Bonus ------- None Cogmind --------- Core Integrity 0/250 Matter 300/300 Energy 280/280 System Corruption 2% Temperature Cool (6) Movement Core (550) Ox10 Location -10/Materials Parts ------- > --- POWER (1) -------- Heavy Ion Engine > --- PROPULSION (2) --- (None) > --- UTILITY (2) ------ Large Storage Unit > --- WEAPON (2) ------- Maul > --- INVENTORY (15) --- Ion Engine Heavy Ion Engine Light Treads Aluminum Leg Heat Sink Small Storage Unit Medium Matter Pod (100) Terrain Scan Processor Assault Rifle Assault Rifle Light Assault Rifle Mining Laser Maul Maul Peak State ------------ > --- POWER ------------ Heavy Ion Engine > --- PROPULSION ------- Light Treads Light Treads > --- UTILITY ---------- Large Storage Unit Hacking Suite > --- WEAPON ----------- EM Pulse Gun Maul > --- INVENTORY -------- Ion Engine Heavy Ion Engine Light Treads Aluminum Leg Heat Sink Small Storage Unit Medium Matter Pod Terrain Scan Processor Assault Rifle Assault Rifle Light Assault Rifle Mining Laser Maul Maul [Rating: 13] Favorites ----------- Power Ion Engine Engine Ion Engine Propulsion Light Treads Treads Light Treads Utility Large Storage Unit Device Terrain Scanner Storage Large Storage Unit Hackware Hacking Suite Weapon Assault Rifle Energy Gun EM Pulse Gun Ballistic Gun Assault Rifle Impact Weapon Maul Build | -11 -10 ------- Run | Yrd Mat Slots Evolved . | . . Power . | . . Propulsion . | . . Utility . | . . Weapon . | . . Parts Attached 17 | 7 10 Power 4 | 1 3 Engine 4 | 1 3 Core . | . . Reactor . | . . Propulsion 2 | 2 . Treads 2 | 2 . Leg . | . . Wheel . | . . Hover . | . . Flight . | . . Utility 4 | 1 3 Device 1 | . 1 Storage 2 | 1 1 Processor . | . . Hackware 1 | . 1 Protection . | . . Artifact . | . . Weapon 7 | 3 4 Energy Gun 2 | . 2 Energy Cannon . | . . Ballistic Gun 4 | 3 1 Ballistic Cannon . | . . Launcher . | . . Special Weapon . | . . Impact Weapon 1 | . 1 Slashing Weapon . | . . Piercing Weapon . | . . Special Melee Weapon . | . . Unidentified Prototypes 1 | . 1 Parts Lost 5 | . 5 Power . | . . Propulsion 2 | . 2 Utility 1 | . 1 Weapon 2 | . 2 Highest Loss Streak 4 | . 4 To Critical Strikes . | . . Average Slot Usage (%) 91 | . 91 Engine 14 | . 14 Treads 27 | . 27 Device 5 | . 5 Storage 14 | . 14 Hackware 1 | . 1 Energy Gun 10 | . 10 Ballistic Gun 15 | . 15 Impact Weapon 1 | . 1 Peak Build Rating 13 | 6 13 Average Rating 8 | 4 8 On Entrance 3 | . 6 Naked Turns . | . . Heaviest Build 34 | 14 34 Greatest Support 40 | 40 40 Greatest Overweight (x) 10 | . 10 Average Overweight (x) . | . . Largest Inventory Capacity 15 | 8 15 Average Capacity 14 | 7 14 Most Carried 15 | 5 15 Average Carried 10 | 1 11 Final Capacity 15 | 8 15 Final Carried 14 | 2 14 Class Distribution -------------------- 100% | Mutant Dominant Class ---------------- Mutant | -10/Materials Resources | -11 -10 ----------- Run | Yrd Mat Matter Collected 631 | 114 517 Remotely . | . . Salvage Created 653 | . 653 Parts 46 | . 46 Haulers Intercepted 1 | . 1 Recyclers Shooed 1 | . 1 Parts Field Recycled . | . . Retrieved Matter . | . . Parts Self-Destructed . | . . Prevented . | . . Kills | -11 -10 ------- Run | Yrd Mat Combat Hostiles Destroyed 13 | . 13 Melee 1 | . 1 Guns 10 | . 10 AOE 1 | . 1 Classes Destroyed 5 | . 5 Worker 1 | . 1 Builder 2 | . 2 Hauler 1 | . 1 Operator 2 | . 2 Grunt 13 | . 13 Best Kill Streak 4 | . 4 Combat Bots Only 3 | . 3 Max Kills in Single Turn 1 | . 1 Gunslinging . | . . Exploded 1 | . 1 Melee 1 | . 1 Uniques/NPCs Destroyed . | . . Combat | -11 -10 -------- Run | Yrd Mat Hostile Shots Fired 97 | . 97 Missed 22 | . 22 Damage Taken 934 | . 934 Core 258 | . 258 Absorbed by Shields . | . . Core Remaining (%) 100 | 100 . Volleys Fired 54 | . 54 Largest 2 | . 2 Hottest 80 | . 80 Shots Fired 100 | . 100 Gun 100 | . 100 Cannon . | . . Launcher . | . . Special . | . . Kinetic 63 | . 63 Thermal . | . . Explosive . | . . Electromagnetic 37 | . 37 Robot Hit Streak 6 | . 6 Robot Miss Streak 10 | . 10 Penetration Max . | . . Secondary Targets 1 | . 1 Max Gunslinging Chain 1 | . 1 Shots Hit Robots 59 | . 59 Core Hits 28 | . 28 Critical Kills . | . . Critical Parts Destroyed 3 | . 3 Critical Strikes 3 | . 3 Destroy 1 | . 1 Smash 2 | . 2 Melee Attacks 7 | . 7 Impact 7 | . 7 Slashing . | . . Piercing . | . . Sneak Attacks . | . . Combat Hostiles . | . . Follow-up Attacks . | . . Damage Inflicted 1065 | . 1065 Guns 757 | . 757 Cannons . | . . Explosions 43 | . 43 Melee 213 | . 213 Ramming 52 | . 52 Kinetic 457 | . 457 Thermal 43 | . 43 Explosive . | . . Electromagnetic 300 | . 300 Impact 213 | . 213 Slashing . | . . Piercing . | . . Highest Corruption 2 | . 2 Average Corruption 2 | . 2 Corruption Purged . | . . Corruption Blocked . | . . Effects 6 | . 6 Message Errors 1 | . 1 Matter Fused 3 | . 3 Energy Discharges 1 | . 1 Weapon Failures 1 | . 1 Overload Shots . | . . Overflow Damage 88 | . 88 Projectiles . | . . Explosions . | . . Melee 88 | . 88 Knockbacks 1 | . 1 Impact 1 | . 1 Kinetic . | . . Secondary . | . . Self-Inflicted Damage . | . . Shots . | . . Rammed 12 | . 12 Targets Rammed 13 | . 13 Kicked . | . . Crushed 1 | . 1 Highest Temperature 155 | . 155 Average Temperature 48 | . 48 Received Heat Transfer 588 | . 588 Siege Activations . | . . Robots Corrupted 1 | . 1 Combat Hostiles 1 | . 1 Parts Fried 3 | . 3 Impact Corruptions 2 | . 2 Robots Melted . | . . Combat Hostiles . | . . Parts Melted . | . . Heat Transferred 50 | . 50 Parts Sabotaged . | . . Parts Stolen . | . . Parts Stripped . | . . Power Chain Reactions 1 | . 1 Alert | -11 -10 ------- Run | Yrd Mat Peak Influence 139 | . 139 Initial . | . . Average 56 | . 59 Maximum Alert Level . | . . Low Security (%) 100 | 100 100 Level 1 . | . . Level 2 . | . . Level 3 . | . . Level 4 . | . . Level 5 . | . . High Security . | . . Max Security . | . . Squads Dispatched 5 | . 5 Investigation 3 | . 3 Extermination . | . . Reinforcement 2 | . 2 Assault . | . . Garrison . | . . Intercept . | . . Searches Triggered . | . . Construction Impeded . | . . Haulers Reinforced . | . . Active Scanning Responses . | . . Cargo Convoy Interrupts . | . . Stealth | -11 -10 --------- Run | Yrd Mat Distress Signals . | . . Communications Jammed . | . . Distress Signals . | . . Times Spotted 26 | . 26 Peak Tracking Total 3 | . 3 Tactical Retreats 3 | . 3 Traps | -11 -10 ------- Run | Yrd Mat Traps Triggered 1 | . 1 Indirectly . | . . Trap Hack Attempts . | . . Triggered . | . . Disarmed . | . . Reprogrammed . | . . Reused . | . . Traps Extracted . | . . Installed . | . . Triggered . | . . Machines | -11 -10 ---------- Run | Yrd Mat Machines Disabled 1 | . 1 Max in Single Turn 1 | . 1 Machines Repaired . | . . Machines Dismantled . | . . Machines Sabotaged . | . . Overloaded Fab Kills . | . . Hacking | -11 -10 --------- Run | Yrd Mat Machines Accessed 4 | . 4 Terminals 3 | . 3 Fabricators . | . . Repair Stations . | . . Recycling Units 1 | . 1 Scanalyzers . | . . Garrison Access . | . . Total Hacks 11 | . 11 Successful 7 | . 7 Failed 4 | . 4 Catastrophic . | . . Database Lockouts . | . . Manual . | . . Terminals 9 | . 9 Fabricators . | . . Repair Stations . | . . Recycling Units 2 | . 2 Scanalyzers . | . . Garrison Access . | . . Terminal Hacks 6 | . 6 Record 1 | . 1 Emergency Access Points 1 | . 1 Locate Traps 1 | . 1 Maintenance Status 2 | . 2 Investigation Status 1 | . 1 Fabricator Hacks . | . . Repair Station Hacks . | . . Recycling Unit Hacks 1 | . 1 Report Inventory 1 | . 1 Scanalyzer . | . . Garrison Access Hacks . | . . Unauthorized Hacks . | . . Terminals . | . . Fabricators . | . . Repair Stations . | . . Recycling Units . | . . Scanalyzers . | . . Garrison Access . | . . Data Cores Recovered . | . . Used . | . . Hacking Detections 4 | . 4 Full Trace Events 2 | . 2 Feedback Events . | . . Feedback Blocked . | . . Robot Schematics Acquired . | . . Robots Built . | . . Authchips . | . . Time . | . . Total Robot Build Rating . | . . Part Schematics Acquired . | . . Parts Built . | . . Authchips . | . . Time . | . . Total Part Build Rating . | . . Parts Repaired . | . . Time . | . . Parts Recycled . | . . Recycled Matter . | . . Retrieved Matter . | . . Retrieved Components . | . . Parts Scanalyzed . | . . Part Schematics Acquired . | . . Parts Damaged . | . . Bothacking | -11 -10 ------------ Run | Yrd Mat Used RIF Installer . | . . Robots Hacked . | . . Non-combat . | . . Combat . | . . Robot Hacks Applied . | . . Relay Couplers Released . | . . Fabnet Peak Effective % . | . . Robots Rewired . | . . Allies Hacked . | . . Hacks Repelled . | . . Allies | -11 -10 -------- Run | Yrd Mat Total Allies . | . . Largest Group . | . . Highest-Rated Group . | . . Highest-Rated Ally . | . . Total Orders . | . . Ally Attacks . | . . Total Damage . | . . Kills . | . . Allies Corrupted . | . . Allies Melted . | . . Intel | -11 -10 ------- Run | Yrd Mat Robot Analysis Total . | . . Derelict Logs Recovered . | . . Drone Launches . | . . Drone Recoveries . | . . Exploration | -11 -10 ------------- Run | Yrd Mat Turns Passed 1762 | 90 1672 Spaces Moved 869 | 63 806 Core 26 | 23 3 Treads 843 | 40 803 Legs . | . . Wheels . | . . Hover . | . . Flight . | . . Fastest Speed 50 | 50 160 Average Speed 158 | 119 161 Slowest Speed 550 | 160 550 Overloaded Moves . | . . Propulsion Burnouts . | . . Robots Hopped . | . . Cave-ins Triggered . | . . Exploration Rate (%) 38 | 4 73 Regions Visited 1 Branch Regions . Pre-discovered Areas . | . . Known Exits Taken . | . . Unknown Exits Taken 1 | 1 . Scrap Searched . | . . Spaces Dug . | . . Terrain Destroyed 2 | . 2 Melee . | . . Projectile . | . . AOE 2 | . 2 Terrain Rammed . | . . Walls Destroyed . | . . Machines Disabled . | . . Actions | -11 -10 --------- Run | Yrd Mat Total 1133 | 78 1055 Wait 141 | . 141 Move 868 | 62 806 Hop . | . . Pick Up 27 | 8 19 Fast Attach . | . . Attach 11 | 7 4 Detach 1 | 1 . Swap 6 | . 6 Drop 5 | . 5 Fire 54 | . 54 Melee 7 | . 7 Ram . | . . Kick . | . . Crush 13 | . 13 Escape Stasis . | . . Rewire . | . . Trap . | . . Miscellaneous . | . . Route ------- -11/Scrapyard -10/Materials (discovered 3 exits: [*Mat x2] / [*Min]) History --------- Turn | Location | Event 5 | -11/Scrapyard | Discovered new exit (range 16) 91 | -11/Scrapyard | Entered Materials 305 | -10/Materials | Build established: Mutant 486 | -10/Materials | Discovered new exit (range 4) 983 | -10/Materials | Discovered new exit (range 13) 1203 | -10/Materials | Discovered new exit (range 5) 1721 | -10/Materials | Core integrity fell below 50% 1754 | -10/Materials | Core integrity fell below 20% 1763 | -10/Materials | Destroyed by G-34 Mercenary with Small Laser Last Messages --------------- G-34 Mercenary suffers critical hit (Smash). Destroyed Aluminum Leg. G-34 Mercenary system corrupted by crushing effect. Heat Sink fried. Aluminum Leg fried. G-34 Mercenary destroyed. K-01 Serf cleans the Machine. Critical hit (Burn: +37). K-01 Serf cleans the Machine. Lgt. Treads destroyed. G-47 Trooper suffers critical hit (Smash). Destroyed Lgt. Nuclear Core. G-47 Trooper system corrupted by crushing effect. G-47 Trooper system terminally corrupted. Imp. Heat Sink fried. K-01 Serf collects debris. Lgt. Treads destroyed. K-01 Serf collects debris. Map ----- +----------------------------------------------------+ | ?????????????????????????????????????????????# + | | ????????????????????????????????????#??#?????# # | | ??????????????????????????????????????######## + | | ?????????????????????????????????????""" """ # # | | ???????????????????????????????????# """ """ # # | | ?????????????????????????????????#?# """ """ # # | | ???????????????????????????????????# + # | | ???????????????????????????????????# ] # # | | ???????????????????????????????????# # # | | ??????????????????????????????????## # ==" | | ???????????????????????? ?????????# # !*# | | ???????????????????????" ?????????########### =%+ | | ?????????????????????"Y" ?????????#????###### =[# | | ????????????????"???? ???????????#?#?#* # | | ???????????????? ???? ?????????#?????# # | | ???????????????? ?? ??????????????##// # | | ????????????????"" """ ??????????#???##// # | | ????????????????"" """ #????????#?????# / % # | | ?????????????????" """ #??????????????# # | | ?????????????????? #?????????????###### # | | ??????????????????? a #????????????#??### | | ????????????????????? +???????#??#??#???# | | ??????????????????????# gg#??????#???#??????# | | ?????????????????????## g ##???#########????# | | ?????????????????????#! ##### ###### | | ?????????????????????# g @ # | | ?????????????????????#[ k < # | | ?????????????????????# % # | | ?????????????????????# #####" "## # | | ?????????????????????###+###???#" |"! "## # | | ?????????????????????? ???????#"""""""## # | | ????????????????????# ???????############ # | | ????????????????????#????????# #?# # | | ?????????????????????????????# """"" #?###### # | | ?????????????????????????????# """"" #???? ?# # | | ?????????########????????????# """"" #?? ???+ + | | ?????????# #????????????# #??????# # | | ?????????# #????????????# """"" #???? ?# # | | ?????????#"" #????????????# """"" #??????# # | | ?????????#"Y #????????????# """"" #??????# # | | ?????????#"" #????????????# #??????# # | | ?????????# #????????????#####+########### # | | ???????#######+################# # # # | | ######## # """ #= |# | | # # # """ # # | | #""" ! # """" """" """" """ # """ / + | | #""" =+ """" """" """" "T" # #^^^# | | #""" #[ """" """ """" # + # | | # # # "T" ## ## | | # # ########## ## | +----------------------------------------------------+ Best States ------------- Heat Dissipation 25 Energy Generation 14 Energy Capacity 280 Matter Stores 300 Matter Capacity 300 Sight Range 16 Terrain Scan Range 14 Terrain Scan Density 10 Evasion (%) 50 Recoil Reduction 2 Offensive Hacking 10 Item Schematics ----------------- None Robot Schematics ------------------ None Fabricated ------------ Nothing Alien Tech Used ----------------- None Achievements -------------- Loot Pinata Challenges ------------ None Game ------ Seed AntimissileIntegratedFrame Manual? 0 Play Time 00:19:13 Cumulative 5.8 hours Start 2024.09.04 @ 22:27:01 End 2024.09.04 @ 22:44:26 Sessions 1 Manual Loads 0 Difficulty Rogue Special Mode None Game No. 6 Rogue 6 Adventurer 0 Explorer 0 Win Type - Total 0 Types 0/0/0/0/0/0/0/0/0 Lore% 5 Gallery% 9 Achievement% 12 Wizard Run 0 Options --------- Layout 1 ASCII 0 Keyboard 0 Movement Arrows Keybinds 0 Fullscreen 1 Font 24/Smallcaps Map View 50x35 Zoom Use 0% Tactical HUD 0 Map Filters NONE Filters NONE Steam 0 RUN: 155513ff-acba-48b0-a6bd-3892f36c6c17